 Dungeon Crawl Stone Soup version 0.24.1 (webtiles) character file.

Game seed: 15650722255425631655, levelgen mode: deterministic

238 mortelune the Insei (level 6, -10/41 HPs)
             Began as an Octopode Transmuter on Mar 22, 2020.
             Was a Follower of Makhleb.
             Killed by divine providence
             ... invoked by an orc priest
              (15 damage)
             ... on level 4 of the Dungeon.
             The game lasted 00:10:28 (4362 turns).

mortelune the Insei (Octopode Transmuter)           Turns: 4362, Time: 00:10:29

Health: -10/41     AC:  1    Str: 10    XL:     6   Next: 7%
Magic:  4/9        EV: 13    Int: 18    God:    Makhleb [*.....]
Gold:   214        SH:  0    Dex: 13    Spells: 3/9 levels left

rFire    . . .     SeeInvis .     - Unarmed
rCold    . . .     Gourm    .   (no shield)
rNeg     . . .     Faith    .   (helmet restricted)
rPois    +         Spirit   .   (no amulet)
rElec    .         Reflect  .   h - +2 ring of intelligence
rCorr    .         Harm     .   f - ring of poison resistance
MR       .....                  (no ring)
Stlth    ++........             (no ring)
HPRegen  0.13/turn              (no ring)
MPRegen  0.11/turn              (no ring)
                                (no ring)
                                (no ring)

@: very slightly contaminated
A: almost no armour, stealthy swim, amphibious, 8 rings, constrict 8, camouflage
1, gelatinous body 1
a: Renounce Religion


You were on level 4 of the Dungeon.
You worshipped Makhleb.
Makhleb was aware of your devotion.
You were hungry.

You visited 1 branch of the dungeon, and saw 4 of its levels.

You collected 214 gold pieces.

Inventory:

Missiles
 a - 17 arrows
Jewellery
 f - a ring of poison resistance (right tentacle)
 h - a +2 ring of intelligence (left tentacle)
Wands
 p - a wand of paralysis (5)
Scrolls
 d - 3 scrolls of magic mapping
 e - 2 scrolls of enchant weapon
 j - 2 scrolls of teleportation
 o - a scroll of immolation
 q - 2 scrolls of remove curse
 r - a scroll of enchant armour {unknown}
Potions
 b - a potion of might {unknown}
 g - 2 potions of curing
 i - a potion of ambrosia
 k - a potion of invisibility {unknown}
 l - a potion of resistance {unknown}
 n - 2 potions of flight {unknown}
Comestibles
 c - 9 rations
 m - a chunk of flesh


   Skills:
 + Level 2.9 Fighting
 - Level 2.0 Dodging
 * Level 5.1 Unarmed Combat
 - Level 2.0 Spellcasting
 + Level 3.4 Transmutations


You had 3 spell levels left.
You knew the following spells:

 Your Spells              Type           Power        Failure   Level  Hunger
a - Beastly Appendage     Tmut           ##....       4%          1    #......
b - Sticks to Snakes      Tmut           ##......     7%          2    ###....
c - Spider Form           Tmut/Pois      #.........   26%         3    ###....

Your spell library contained the following spells:

 Spells                   Type           Power        Failure   Level  Hunger
 Ice Form                 Ice/Tmut       #.......     65%         4    #####..
 Blade Hands              Tmut           ##........   77%         5    ######.


Dungeon Overview and Level Annotations

Branches:
Dungeon (4/15)
 Temple: D:4-7

Altars:
Kikubaaqudgha
Makhleb
Okawaru
Ru
Sif Muna
Wu Jian

Annotations:
D:1 potin derriere mur


Innate Abilities, Weirdness & Mutations

You cannot wear most types of armour.
You are very stealthy in the water. (Stealth+)
You are amphibious.
You can wear up to eight rings at the same time.
You can use your tentacles to constrict eight enemies at once.
Your skin changes colour to match your surroundings (Stealth+).
Your rubbery body absorbs attacks. (AC +1, EV +1)


Message History

The orc priest looks encouraged for a moment.
You hit the orc priest.
The orc priest is moderately wounded.
The orc wizard points at you and mumbles some strange words.
The puff of flame hits you.
* * * LOW HITPOINT WARNING * * *
The orc priest calls upon Beogh to heal the orc wizard.
The orc wizard is healed somewhat.
You feel better.
Your transformation has ended.
The orc wizard barely misses you.
The orc priest begins to cast a cantrip, but forgets the words!
The orc priest invokes the aid of Beogh against you.
Beogh smites you!
* * * LOW HITPOINT WARNING * * *
There is a stone staircase leading up, spattered with blood here.
The orc wizard hits you but does no damage.
The orc priest mumbles some strange prayers to Beogh against you.
Beogh smites you!
You die...

## ##### ...#.#####
###...# #..#.....#
#...#.. ...#....#
###.###..
#.###@.#######...###g.
#....o.#.......####...
#.....o..)###### ##.#.
###.....#..# #....
#......#.#### #.#.#
#...#..#....# #.#.#
#...........##...#..
##....##.......#....
#..#.###..........#


You could see an orc priest and an orc wizard.

Vanquished Creatures
  A slave (D:4)
  An orc priest (D:3)
  2 orc wizards (D:3)
  2 worker ants (D:4)
  4 gnolls (D:4)
  A worm (D:4)
  A leopard gecko (D:3)
  7 orcs
  3 ball pythons
  2 giant cockroaches
  8 goblins
  6 hobgoblins
  6 kobolds
  11 bats
  3 frilled lizards
  A jackal skeleton (D:4)
  A leopard gecko zombie (D:4)
  7 rats
67 creatures vanquished.

Vanquished Creatures (collateral kills)
  A hobgoblin (D:3)
1 creature vanquished.

Grand Total: 68 creatures vanquished

Notes
Turn   | Place    | Note
-------+----------+-------------------------------------------
     0 | D:1      | mortelune the Octopode Transmuter began the quest for the
                  | Orb.
     0 | D:1      | Reached XP level 1. HP: 13/13 MP: 3/3
   147 | D:1      | You fall into a shaft and drop 1 floor!
   147 | D:2      | Found a burning altar of Makhleb.
   148 | D:2      | Noticed an Executioner
   154 | D:2      | Noticed an orange demon
   154 | D:2      | Noticed an orange demon
   156 | D:2      | Became a worshipper of Makhleb the Destroyer
   209 | D:2      | Reached XP level 2. HP: 11/18 MP: 3/5
   401 | D:1      | Learned a level 2 spell: Sticks to Snakes
  1441 | D:2      | Found an ancient bone altar of Kikubaaqudgha.
  1456 | D:2      | Found a shimmering blue altar of Sif Muna.
  1457 | D:2      | Found an ornate altar of the Wu Jian Council.
  1457 | D:2      | Found an iron altar of Okawaru.
  1824 | D:2      | Reached XP level 3. HP: 20/23 MP: 6/6
  1991 | D:3      | Learned a level 3 spell: Spider Form
  2314 | D:3      | Reached skill level 4 in Unarmed Combat
  2314 | D:3      | Reached XP level 4. HP: 12/29 MP: 7/7
  2838 | D:3      | Reached * piety under Makhleb
  3123 | D:3      | Paralysed by a hobgoblin for 6 turns
  3443 | D:3      | Found a sacrificial altar of Ru.
  3733 | D:4      | Reached XP level 5. HP: 35/35 MP: 8/8
  3809 | D:4      | Noticed a slave
  3834 | D:4      | Killed a slave
  4167 | D:4      | Reached skill level 5 in Unarmed Combat
  4194 | D:3      | Reached XP level 6. HP: 30/41 MP: 2/9
  4362 | D:4      | Killed from afar by an orc priest

Levels and vault maps discovered:
D:1:      sevenhm_arrival_forest_fort_small_4, layout_basic, serial_park_tiny_2,
          item_on_display_a
D:2:      layout_loops_ring, makhleb_altar_promises_db,
          nicolae_overflow_hidden_temple, grunt_temple_overflow_open
D:3:      layout_basic, nicolae_ru_great_annihilating_truth,
          kennysheep_cluttered_room
D:4:      layout_rooms, first_ration, minmay_bisected, uniq_natasha, uniq_pikel

Skill      XL: |  1  2  3  4  5 |
---------------+----------------+-----
Unarmed Combat | 4 5 |  5.1
Fighting       | 2 |  2.9
Transmutations | 3 |  3.4
Dodging        | |  2.0
Spellcasting   | |  2.0

Action                   |  1- 3 |  4- 6 || total
-------------------------+-------+-------++-------
Melee: Unarmed           |    62 |    86 ||   148
       Constrict         |    19 |    19 ||    38
       Tentacles         |     9 |     8 ||    17
       Kick              |     7 |     8 ||    15
Throw: Dart              |     5 |     5 ||    10
 Cast: Beastly Appendage |    12 |     9 ||    21
       Sticks to Snakes  |     1 |     3 ||     4
       Spider Form       |       |     6 ||     6
  Use: Scroll            |     8 |       ||     8
       Potion            |       |     1 ||     1
 Stab: Sleeping          |     3 |     1 ||     4
  Eat: Chunk             |     4 |     8 ||    12
Armor: Skin              |    16 |    18 ||    34
Dodge: Dodged            |    53 |    74 ||   127
